[Event "EYCC G10-ch 2024"]
[Site "Prague"]
[Date "2024.08.31"]
[Round "9.8"]
[White "Macakova, Bianka"]
[Black "Bakhshi, Rana"]
[Result "0-1"]
[ECO "B70"]
[WhiteElo "1568"]
[BlackElo "1732"]
[Annotator "NA RC COMBH"]
[PlyCount "92"]
[EventDate "2024.08.19"]
[EventType "swiss"]
[EventCountry "CZE"]
[SourceTitle "playchess.com"]
[Source "ChessBase"]
[SourceQuality "1"]
[TimeControl "5400+30"]

1. e4 c5 2. Nf3 d6 3. d4 cxd4 4. Nxd4 Nf6 5. Nc3 g6 6. Bc4 Nc6 7. Be3 h5 8. Qd2 Bd7 9. f3 Bg7 10. O-O-O Na5 11. Bb5 Bxb5 12. Ndxb5 Nc4 13. Qd3 Nxe3 14. Qxe3 a6 15. Na3 b5 16. Nd5 Nxd5 17. Rxd5 Rc8 18. Rhd1 Qc7 19. R1d2 b4 20. Nb1 a5 21. Kd1 Bxb2 22. Re2 a4 23. Ke1 Qc4 24. Kf1 Qxa2 25. Re1 Rxc2 26. Re2 Qxb1+ 27. Kf2 Rxe2+ 28. Qxe2 O-O 29. g4 h4 30. f4 Bc3 31. f5 Qb2 32. Kf3 Qxe2+ 33. Kxe2 a3 34. Kd3 Ra8 35. Kc2 a2 36. fxg6 a1=Q 37. gxf7+ Kxf7 38. Rf5+ Ke8 39. Rf8+ Kxf8 40. e5 Ra2+ 41. Kb3 Ra3+ 42. Kc4 Qf1+ 43. Kd5 Ra5+ 44. Kc6 Qb5+ 45. Kc7 Ra7+ 46. Kc8 Qe8# 0-1

[Event "EYCC G10-ch 2024"]
[Site "Prague"]
[Date "2024.08.31"]
[Round "9.9"]
[White "Stoica, Melina-Theodora"]
[Black "Hatuk, Neris"]
[Result "0-1"]
[ECO "D43"]
[WhiteElo "1576"]
[BlackElo "1671"]
[Annotator "NA RC COMBH"]
[PlyCount "92"]
[EventDate "2024.08.19"]
[EventType "swiss"]
[EventCountry "CZE"]
[SourceTitle "playchess.com"]
[Source "ChessBase"]
[SourceQuality "1"]
[TimeControl "5400+30"]

1. d4 Nf6 2. Nf3 d5 3. c4 e6 4. Nc3 c6 5. Bf4 Bb4 6. Qb3 a5 7. a3 Bxc3+ 8. Qxc3 Ne4 9. Qc2 g5 10. Be5 f6 11. Bg3 Nd7 12. e3 h5 13. Nd2 f5 14. Nxe4 fxe4 15. h3 Qf6 16. Be2 h4 17. Bc7 O-O 18. O-O e5 19. dxe5 Nxe5 20. cxd5 cxd5 21. Qc5 Be6 22. Bxa5 Rfc8 23. Bc7 Qf7 24. Rac1 Nc4 25. Bxc4 Rxc7 26. Qb5 Rxc4 27. Rxc4 dxc4 28. Qxg5+ Qg7 29. Qxh4 Qg6 30. Rd1 Bf7 31. Rd8+ Rxd8 32. Qxd8+ Kg7 33. Qd4+ Kh7 34. Qd7 b6 35. Qd8 Kg7 36. Qc7 Qf6 37. Qb7 Qxb2 38. Qxe4 Qf6 39. Qg4+ Kh8 40. Qc8+ Kh7 41. Qc7 c3 42. Kf1 Kh6 43. Ke2 Kg6 44. Kd3 Qf5+ 45. Kxc3 Qa5+ 46. Kb2 Qb5+ 0-1

[Event "EYCC G10-ch 2024"]
[Site "Prague"]
[Date "2024.08.31"]
[Round "9.10"]
[White "Serradell Munoz, Silvia"]
[Black "Milojevic, Dunja"]
[Result "0-1"]
[ECO "B20"]
[WhiteElo "1619"]
[BlackElo "1568"]
[Annotator "NA RC COMBH"]
[PlyCount "72"]
[EventDate "2024.08.19"]
[EventType "swiss"]
[EventCountry "CZE"]
[SourceTitle "playchess.com"]
[Source "ChessBase"]
[SourceQuality "1"]
[TimeControl "5400+30"]

1. e4 c5 2. b3 e6 3. Bb2 Nc6 4. f4 d5 5. exd5 exd5 6. Nf3 Nf6 7. Bb5 a6 8. Bxc6+ bxc6 9. O-O Be7 10. Ne5 Qc7 11. Re1 Be6 12. Nc3 O-O 13. Qf3 Bd6 14. h3 Nd7 15. Nxd7 Bxd7 16. Rf1 f6 17. Ne2 Rfe8 18. Ng3 Be6 19. Nh5 Bf7 20. Ng3 Qd7 21. Rae1 a5 22. a4 Rab8 23. Bc3 Bc7 24. d3 Bb6 25. Kh1 c4 26. dxc4 dxc4 27. Rd1 Qc8 28. bxc4 Re3 29. Qf2 Rxc3 30. Qe1 Rxc4 31. Qd2 Qd8 32. Qe2 Rd4 33. Rde1 Bc4 34. Qg4 Bxf1 35. Nf5 Bxg2+ 36. Kxg2 Rd2+ 0-1

[Event "EYCC G10-ch 2024"]
[Site "Prague"]
[Date "2024.08.31"]
[Round "9.11"]
[White "Horodna, Anna"]
[Black "Goralik, Zuzanna"]
[Result "1-0"]
[ECO "C00"]
[WhiteElo "1603"]
[BlackElo "1459"]
[Annotator "NA RC COMBH"]
[PlyCount "65"]
[EventDate "2024.08.19"]
[EventType "swiss"]
[EventCountry "CZE"]
[SourceTitle "playchess.com"]
[Source "ChessBase"]
[SourceQuality "1"]
[TimeControl "5400+30"]

1. e4 e6 2. d4 d5 3. Bd3 dxe4 4. Bxe4 Nf6 5. Bf3 c5 6. Ne2 Nc6 7. Be3 cxd4 8. Nxd4 Ne5 9. Nc3 a6 10. a3 Bd6 11. Qe2 Nxf3+ 12. gxf3 Qc7 13. O-O-O Bd7 14. Rd3 O-O-O 15. Rhd1 Bxh2 16. Ne4 Nd5 17. Nc5 Be5 18. Rb3 Bxd4 19. Bxd4 Bb5 20. c4 Nf4 21. Qe3 Bxc4 22. Rxb7 Ne2+ 23. Kb1 Qd6 24. Qe4 Bd5 25. Qxe2 Bxb7 26. Rc1 Qd5 27. Nxe6+ Kb8 28. Be5+ Rd6 29. Rd1 Qxe6 30. Rxd6 Qf5+ 31. Ka1 Ka8 32. Rxa6+ Bxa6 33. Qxa6# 1-0

[Event "EYCC G10-ch 2024"]
[Site "Prague"]
[Date "2024.08.31"]
[Round "9.12"]
[White "Saltkhutsishvili, Sara"]
[Black "Trzcinska, Weronika"]
[Result "0-1"]
[ECO "C50"]
[WhiteElo "1535"]
[BlackElo "1490"]
[Annotator "NA RC COMBH"]
[PlyCount "102"]
[EventDate "2024.08.19"]
[EventType "swiss"]
[EventCountry "CZE"]
[SourceTitle "playchess.com"]
[Source "ChessBase"]
[SourceQuality "1"]
[TimeControl "5400+30"]

1. e4 e5 2. Nf3 Nc6 3. Bc4 Be7 4. d4 d6 5. dxe5 Nxe5 6. Nxe5 dxe5 7. Qh5 g6 8. Qxe5 Nf6 9. Nc3 O-O 10. O-O Ng4 11. Qd5 Bd6 12. h3 Be6 13. Qb5 a6 14. Qb3 Bxc4 15. Qxc4 Ne5 16. Qe2 c6 17. Bh6 Re8 18. Rad1 Qe7 19. Kh1 Bb4 20. Qe3 Bxc3 21. bxc3 f6 22. Bf4 Nc4 23. Qd4 Qxe4 24. Rfe1 Qxd4 25. cxd4 Na3 26. c3 Kf7 27. Kg1 Nb5 28. Bd2 Re6 29. Rxe6 Kxe6 30. Rb1 Kd5 31. a4 Nd6 32. Bf4 b5 33. a5 Nc4 34. Ra1 Re8 35. Kf1 g5 36. Bc1 Nd6 37. f3 Kc4 38. Bd2 Nf5 39. Kf2 h5 40. g3 h4 41. g4 Nd6 42. Ra3 Kd3 43. Be1 Nc4 44. Ra2 Re3 45. Ra1 Re2+ 46. Kg1 Ne3 47. Bf2 Rd2 48. c4 Nxc4 49. Rc1 b4 50. Be1 Rb2 51. Rd1+ Ke2 0-1

[Event "EYCC G10-ch 2024"]
[Site "Prague"]
[Date "2024.08.31"]
[Round "9.13"]
[White "Nguyen Doan, Bao Anh Angelina"]
[Black "Kravchuk, Daria"]
[Result "1-0"]
[ECO "B34"]
[WhiteElo "1659"]
[BlackElo "1597"]
[Annotator "NA RC COMBH"]
[PlyCount "79"]
[EventDate "2024.08.19"]
[EventType "swiss"]
[EventCountry "CZE"]
[SourceTitle "playchess.com"]
[Source "ChessBase"]
[SourceQuality "1"]
[TimeControl "5400+30"]

1. e4 c5 2. Nf3 Nc6 3. d4 cxd4 4. Nxd4 Nf6 5. Nc3 e5 6. Ndb5 d6 7. Nd5 Nxd5 8. exd5 Nb8 9. a4 Be7 10. Be2 O-O 11. O-O a6 12. Na3 f5 13. f4 Nd7 14. Nc4 Bf6 15. a5 Nc5 16. Ra3 b5 17. axb6 Bb7 18. Be3 Rc8 19. b4 Ne4 20. Qd3 exf4 21. Bxf4 g5 22. Be3 Qd7 23. Na5 Rf7 24. c4 Bg7 25. Bf3 Qe8 26. Nxb7 Rxb7 27. Rxa6 g4 28. Bxe4 fxe4 29. Qe2 Be5 30. Qxg4+ Kh8 31. Qe2 Rg7 32. c5 Qe7 33. Qf2 Rcg8 34. Ra7 Rxg2+ 35. Qxg2 Rxg2+ 36. Kxg2 Qe8 37. Rff7 Qg8+ 38. Kf2 Qd8 39. Bg5 Qc8 40. b7 1-0

[Event "EYCC G10-ch 2024"]
[Site "Prague"]
[Date "2024.08.31"]
[Round "9.14"]
[White "Malcheva, Niya"]
[Black "Mierina, Liva"]
[Result "1-0"]
[ECO "B24"]
[WhiteElo "1551"]
[BlackElo "1599"]
[Annotator "NA RC COMBH"]
[PlyCount "72"]
[EventDate "2024.08.19"]
[EventType "swiss"]
[EventCountry "CZE"]
[SourceTitle "playchess.com"]
[Source "ChessBase"]
[SourceQuality "1"]
[TimeControl "5400+30"]

1. e4 c5 2. Nc3 Nc6 3. Bb5 g6 4. Bxc6 bxc6 5. Nf3 Bg7 6. d3 Nf6 7. O-O O-O 8. Re1 Re8 9. h3 e5 10. Be3 d6 11. Nd2 Rb8 12. Qc1 Be6 13. Rf1 Nh5 14. Ne2 Qb6 15. b3 d5 16. f3 d4 17. Bf2 Qd8 18. Nc4 Bxc4 19. bxc4 Qf6 20. Be1 Rb7 21. f4 exf4 22. Nxf4 Nxf4 23. Rxf4 Qd6 24. Bd2 Re6 25. Rf2 Rf6 26. Bf4 Qd7 27. Bg3 Rxf2 28. Bxf2 Qd6 29. Qa3 Qe5 30. h4 Qh5 31. Re1 Bh6 32. Qa6 Rc7 33. Bg3 Re7 34. Qc8+ Kg7 35. Bd6 Qxh4 36. g3 Qf6 1-0